 Seeded DCSS version 0.31.0-11-ge490571c62 (webtiles) character file.

Game seed: 1199980653827765208 (custom seed)

8 CInkIbrahim the Ruffian (level 2, 21/21 HPs)
             Began as a Demonspawn Shapeshifter on Jan 29, 2024.
             Was a Follower of Okawaru.
             Quit the game on level 1 of the Dungeon.
             The game lasted 00:00:56 (223 turns).

CInkIbrahim the Ruffian (Demonspawn Shapeshifter)    Turns: 223, Time: 00:00:56

Health: 21/21      AC:  2    Str: 14    XL:     2   Next: 0%
Magic:  2/2        EV: 12    Int: 10    God:    Okawaru [*.....]
Gold:   13         SH:  0    Dex: 12    Spells: 1/1 levels left

rFire   . .          .
                       - Unarmed
rCold   . . .        (no shield)
rNeg    . . .        a - +0 animal skin
rPois   .            (helmet currently unavailable)
rElec   .            (cloak currently unavailable)
rCorr   .            (gloves currently unavailable)
SInv    .            (boots currently unavailable)
Will    .....        (no amulet)
Stlth   +            (no ring)
HPRegen 0.23/turn    (no ring)
MPRegen 0.08/turn

%: no passive effects
@: beast-form
A: beast (slay +1), powered by death 1
a: Begin Untransformation, Renounce Religion, Heroism


You were on level 1 of the Dungeon.
You worshipped Okawaru.
Okawaru was aware of your devotion.
You were a hulking beast.
You visited 1 branch of the dungeon, and saw 1 of its levels.

You collected 13 gold pieces.

Inventory:

Armour
 a - a +0 animal skin (worn)
Talismans
 c - a beast talisman
 d - a flux talisman
Scrolls
 e - a scroll of teleportation {unknown}
 f - a scroll of amnesia {unknown}


   Skills:
 - Level 1.0 Fighting
 - Level 1.7 Dodging
 + Level 3.2 Unarmed Combat
 - Level 2.6 Shapeshifting


You had one spell level left.
You didn't know any spells.
Your spell library was empty.

Dungeon Overview and Level Annotations

Branches:
Dungeon (1/15)

Altars:
Okawaru


Innate Abilities, Weirdness & Mutations

You are a hulking beast.
Your limbs bulge with bestial killing power. (Slay +1)
You regenerate a little health from kills.


Message History

Your roots penetrate the ground.
The hobgoblin hits you but does no damage.
You smack the hobgoblin!
You kill the hobgoblin!
Your Unarmed Combat skill increases to level 3!
You cannot move.
You smack the dart slug!
You kill the dart slug!
You cannot move.
You start resting.
Your transformation is almost over.
You feel less wooden.
Your +0 animal skin unmelds from your body.
You turn into a hulking beast.
You start resting.
HP restored.
You start resting.
HP restored.
Things that are here:
a dart slug corpse; a hobgoblin corpse A bat comes into view.
A bat is nearby!
A bat is nearby!
Found a faded altar of an unknown god.
The bat barely misses you. The bat closely misses you.
A bat is nearby!
You hit the bat.
You kill the bat!
You have reached level 2!
Your demonic ancestry asserts itself...
A wave of death washes over you.
Found 15 gold pieces.
A ball python comes into view.
The ball python hisses angrily.
There is a faded altar of an unknown god here.
This altar belongs to (a) Lugonu, (b) Okawaru or (c) Uskayaw, but you can't tell which.
Press the corresponding letter to learn more about a god, or press enter to convert or escape to cancel.
Okawaru accepts your prayer! Okawaru welcomes you!
You can now gain great but temporary skills.
Are you sure you want to abandon this character and quit the game? (Confirm with "yes".)

#. #....# #. #.## #....#
#. ## #..###....###.
#.#########............
###P...#.P..###.....###.
P..P...#..P...P#:...#
...P.P.#.......##...#
.......#PP..P....#$.#
.P.P..Ph.....P.P.#....
..PS...#.....PP..#..###
.......#PPP....##...#
...P..P#P.P$...# ..
###.P..#....###..
..#########.. ... ###
### ..


You could see a ball python.

Vanquished Creatures
  A dart slug (D:1)
  A ball python (D:1)
  2 hobgoblins (D:1)
  A bat (D:1)
  A rat (D:1)
6 creatures vanquished.

Notes
Turn   | Place    | Note
-------+----------+-------------------------------------------
     0 | D:1      | CInkIbrahim the Demonspawn Shapeshifter began the quest for
                  | the Orb.
     0 | D:1      | Reached XP level 1. HP: 15/15 MP: 1/1
   130 | D:1      | Reached skill level 3 in Unarmed Combat
   211 | D:1      | Found a faded altar of an unknown god.
   213 | D:1      | Gained mutation: You regenerate a little health from kills.
                  | [demonic ancestry]
   213 | D:1      | Reached XP level 2. HP: 21/21 MP: 2/2
   222 | D:1      | Prayed at the altar of an unknown god.
   222 | D:1      | Became a worshipper of Warmaster Okawaru
   222 | D:1      | Reached * piety under Okawaru
   223 | D:1      | Quit the game

Illustrated notes

Levels and vault maps discovered:
D:1:      dpeg_arrival_line_fractal, layout_basic, shapermc_ecumenical_altar_gd

Skill      XL: |  1 |
---------------+----+-----
Unarmed Combat | 3 |  3.2
Fighting       | |  1.0
Dodging        | |  1.7
Shapeshifting  | |  2.6

Action                     || total
---------------------------++-------
  Melee: Unarmed           ||    18
    Use: Potion            ||     1
 Armour: Animal skin       ||     9
         Skin              ||     1
  Dodge: Dodged            ||     6
